Map: Oxide LE

Players

Epic

  • Race: Terran Terran
  • League: Grandmaster
  • Spawn Location: 7:00

goblin - Winner!

  • Race: Protoss Protoss
  • League: Master
  • Spawn Location: 1:00

Event: Cheeseadelphia Winter Championship 2021

VOD

Have the link to the VOD?

Description

Time

  • Played on: Jan. 23, 2021, 12:42 p.m.
  • Length: 13:18

All games in this series

Show
View Real Time Build Order
Export as new Build Order

Epic Terran 

Build Orders:  

Get SALT Encoding   

  12  0:00  SCV  
  13  0:12  SCV  
  14  0:16  Supply Depot  
  14  0:24  SCV  
  15  0:38  SCV  
  15  0:40  Barracks  
  16  0:43  Refinery  
  16  0:50  SCV  
  17  1:02  SCV  
  18  1:14  SCV  
  19  1:27  Orbital Command  
  19  1:30  Barracks Reactor  
  19  1:40  Command Center  
  19  1:49  Supply Depot  
  19  1:53  SCV  
  20  2:05  SCV  
  20  2:07  Marine x2  
  23  2:16  Barracks  
  23  2:17  SCV  
  24  2:24  Marine x2  
  24  2:29  SCV  
  27  2:42  Command Center  
  27  2:44  SCV  
  28  2:52  Orbital Command  
  28  2:56  SCV  
  28  2:58  Marine x2  
  31  3:04  Barracks Tech Lab  
  31  3:08  SCV  
  32  3:13  Engineering Bay  
  32  3:15  Marine  
  32  3:16  Marine  
  32  3:18  SCV  
  35  3:20  SCV  
  35  3:23  Stimpack  
  35  3:26  Marine  
  37  3:30  SCV  
  37  3:32  SCV  
  37  3:33  Marine  
  37  3:34  Marine  
  41  3:38  Terran Infantry Weapons Level 1  
  41  3:43  SCV  
  41  3:44  SCV, Marine  
  41  3:48  Factory  
  44  3:51  Marine x2  
  44  3:54  Orbital Command  
  46  3:56  SCV  
  46  3:58  SCV  
  48  4:03  Refinery, Marine  
  48  4:09  Marine x2  
  51  4:11  Engineering Bay  
  51  4:12  SCV  
  51  4:14  SCV  
  53  4:21  Supply Depot, SCV  
  53  4:24  SCV  
  53  4:26  SCV  
  53  4:27  Refinery  
  53  4:30  Marine x2  
  57  4:32  Marauder, Starport  
  57  4:36  SCV  
  60  4:38  SCV  
  60  4:40  Missile Turret  
  60  4:41  Factory Reactor  
  61  4:46  Missile Turret  
  61  4:49  Supply Depot  
  61  4:51  SCV x2  
  61  4:52  Marine  
  61  4:53  Marauder, Marine  
  65  5:00  Supply Depot  
  65  5:02  Combat Shield, SCV  
  65  5:03  SCV x2  
  65  5:06  Barracks  
  68  5:14  SCV, Marine  
  68  5:15  Marauder, SCV, Marine  
  68  5:17  SCV  
  68  5:20  Refinery  
  75  5:25  Medivac  
  75  5:26  Medivac  
  75  5:27  Barracks  
  78  5:30  Barracks, SCV x2  
  78  5:35  Supply Depot  
  79  5:39  Terran Infantry Armor Level 1  
  79  5:40  Missile Turret  
  81  5:42  SCV  
  81  5:43  SCV  
  81  5:45  Orbital Command, Marine x2  
  80  5:54  Factory Reactor, Marauder  
  80  5:55  SCV  
  80  5:56  SCV  
  84  6:08  SCV x2  
  84  6:09  Barracks Tech Lab, Marine x2  
  84  6:11  SCV  
  84  6:17  Medivac x2  
  84  6:18  Marauder  
  90  6:20  SCV x2  
  90  6:22  Barracks Reactor  
  90  6:24  Supply Depot  
  92  6:28  SCV  
  92  6:31  Barracks Tech Lab  
  93  6:36  Supply Depot  
  93  6:37  Supply Depot, Marine x2  
  93  6:38  Marauder, SCV x2  
  93  6:39  Marauder  
  101  6:41  Engineering Bay, Armory  
  101  6:45  SCV  
  101  6:46  Supply Depot  
  102  6:48  Supply Depot  
  102  6:50  Widow Mine x2  
  106  6:55  Medivac  
  106  6:58  SCV x3  
  106  7:00  Marine x2  
  109  7:10  SCV x3  
  109  7:11  Marauder  
  109  7:12  Marauder  
  109  7:14  Marauder  
  118  7:18  Widow Mine x2  
  118  7:21  Bunker  
  122  7:24  Marine x4  
  122  7:28  Supply Depot  
  124  7:30  Medivac  
  124  7:32  SCV x3  
  124  7:34  Medivac  
  131  7:39  Terran Infantry Weapons Level 2  
  131  7:41  Widow Mine  
  131  7:44  Supply Depot  
  133  7:46  Supply Depot, Widow Mine  
  133  7:50  SCV x3  
  138  7:53  Marauder  
  138  7:56  Marauder x2  
  144  8:00  Missile Turret  
  144  8:05  SCV x3  
  147  8:06  Refinery  
  147  8:09  Terran Infantry Armor Level 2  
  147  8:10  Marine x2  
  144  8:16  Widow Mine x2  
  144  8:18  Medivac  
  148  8:23  Marauder x2  
  148  8:24  Marine x2  
  148  8:25  Refinery  
  156  8:27  Marauder  
  156  8:30  Supply Depot  
  156  8:33  Supply Depot  
  156  8:40  Marine x2  
  150  8:42  Marine  
  150  8:44  Marauder  
  150  8:45  Marauder  
  150  8:48  Marauder  
  150  8:49  Medivac, Widow Mine x2  
  139  9:00  Marine x2  
  136  9:06  Marauder x2  
  137  9:10  Viking  
  137  9:12  Marine x2  
  137  9:14  Command Center  
  137  9:19  Barracks x2, Viking  
  137  9:21  Barracks  
  137  9:22  Starport  
  139  9:25  Marine x2  
  141  9:32  Marauder, Marine x2  
  141  9:33  Marauder x2  
  149  9:42  Viking  
  151  9:47  Ghost Academy  
  151  9:49  Viking  
  149  9:54  Marauder x2, Marine x4  
  149  9:55  Marauder  
  149  9:59  Viking x2  
  163  10:00  Supply Depot  
  163  10:03  Terran Infantry Weapons Level 3  
  152  10:20  Marine x4  
  144  10:21  Ghost x3  
  144  10:23  Enhanced Shockwaves  
  139  10:31  Barracks Reactor, Barracks Tech Lab x2  
  139  10:33  SCV x2  
  139  10:34  SCV  
  142  10:38  Viking  
  142  10:39  Viking  
  146  10:43  Refinery, Marine x3  
  146  10:44  Marine  
  148  10:51  Marauder x3  
  148  10:56  Marauder x2  
  154  11:01  Planetary Fortress, Marine x2  
  156  11:09  Viking  
  156  11:10  Marine x3  
  161  11:12  Marauder x3  
  161  11:14  Widow Mine  
  161  11:17  Marauder  
  173  11:22  Missile Turret  
  173  11:23  SCV x3  
  176  11:33  Marauder x3, Marine x3  
  176  11:35  Marine  
  176  11:36  Marine  
  176  11:37  Marine  
  186  11:43  Ghost  
  187  11:48  Refinery  
  187  11:49  Refinery  
  187  11:50  Supply Depot  
  187  11:57  Ghost  
  187  12:02  Marine  
  187  12:06  Marine  
  187  12:08  Marauder x3  
  146  12:17  Marauder, Marine x2  
  148  12:24  Medivac x4  
  148  12:27  Marauder  
  148  12:29  Marauder  
  148  12:37  Marauder x2, Marine  
  138  12:38  Marine x3  
  117  12:48  Marauder  
  117  12:49  Marine  
  117  12:50  Marine  
  117  12:51  Marauder  
  109  12:54  Marine  
  109  12:56  Marine  
  95  12:59  Marine  
Show
View Real Time Build Order
Export as new Build Order

goblin Protoss - Winner!

Build Orders: 1 Gate Expand, Phoenix Opening, Mass Phoenix 

Get SALT Encoding   

  12  0:00  Probe  
  13  0:12  Probe  
  14  0:18  Pylon  
  14  0:24  Probe (Chrono Boost)  
  15  0:36  Probe (Chrono Boost)  
  15  0:38  Gateway  
  16  0:45  Probe (Chrono Boost)  
  16  0:46  Assimilator  
  17  0:51  Probe  
  18  1:03  Probe  
  19  1:15  Probe  
  20  1:21  Nexus  
  20  1:32  Cybernetics Core  
  20  1:34  Probe  
  20  1:39  Assimilator  
  21  1:46  Probe  
  22  1:49  Pylon  
  22  1:58  Probe (Chrono Boost)  
  23  2:05  Stalker (Chrono Boost)  
  26  2:09  Probe (Chrono Boost)  
  26  2:14  Probe (Chrono Boost)  
  26  2:16  Stargate  
  27  2:27  Probe (Chrono Boost)  
  27  2:28  Stalker  
  30  2:35  Probe (Chrono Boost)  
  30  2:36  Warp Gate  
  31  2:43  Probe (Chrono Boost)  
  33  2:44  Probe (Chrono Boost)  
  33  2:49  Probe (Chrono Boost)  
  33  2:50  Probe  
  35  2:58  Adept  
  37  3:00  Phoenix  
  37  3:01  Probe (Chrono Boost)  
  37  3:03  Probe (Chrono Boost)  
  41  3:07  Pylon  
  41  3:13  Probe (Chrono Boost)  
  41  3:16  Assimilator  
  43  3:20  Probe (Chrono Boost)  
  43  3:22  Probe (Chrono Boost)  
  43  3:25  Phoenix  
  43  3:26  Probe (Chrono Boost)  
  47  3:27  Probe  
  48  3:36  Gateway  
  48  3:38  Gateway, Probe  
  48  3:40  Probe  
  50  3:49  Twilight Council  
  50  3:50  Pylon  
  50  3:55  Phoenix  
  52  3:56  Probe  
  52  3:58  Probe  
  54  4:12  Probe x2  
  56  4:20  Phoenix, Pylon  
  58  4:24  Probe  
  58  4:26  Nexus  
  58  4:29  Pylon  
  58  4:30  Probe  
  60  4:32  Charge (Chrono Boost)  
  60  4:36  Sentry  
  60  4:37  Phoenix  
  62  4:40  Pylon  
  62  4:45  Probe x2  
  66  4:57  Probe x2  
  68  5:01  Phoenix, Pylon  
  68  5:04  Stalker  
  68  5:05  Zealot  
  74  5:07  Zealot  
  76  5:14  Probe  
  76  5:15  Probe  
  76  5:19  Robotics Facility  
  78  5:24  Pylon  
  78  5:27  Probe x2  
  80  5:30  Phoenix  
  82  5:37  Gateway  
  82  5:39  Gateway, Probe x2  
  84  5:47  Gateway  
  84  5:53  Zealot x2  
  84  5:55  Phoenix  
  84  5:56  Zealot  
  92  6:00  Probe x2  
  92  6:01  Probe  
  95  6:12  Probe  
  95  6:14  Robotics Bay  
  95  6:16  Shield Battery  
  95  6:18  Zealot x2, Pylon  
  98  6:20  Assimilator, Pylon  
  98  6:21  Zealot  
  102  6:30  Phoenix  
  102  6:32  Zealot  
  106  6:35  Zealot  
  108  6:43  Zealot x4  
  116  6:57  Gateway  
  116  6:58  Phoenix  
  116  6:59  Pylon  
  116  7:01  Gateway  
  118  7:04  Forge  
  118  7:07  Zealot x2  
  118  7:08  Zealot x4  
  128  7:11  Pylon  
  128  7:21  Colossus (Chrono Boost)  
  128  7:25  Nexus  
  128  7:27  Protoss Ground Weapons Level 1 (Chrono Boost)  
  128  7:28  Pylon  
  134  7:33  Extended Thermal Lance  
  134  7:36  Robotics Facility  
  135  7:37  Probe x2  
  135  7:44  Phoenix  
  138  7:48  Pylon  
  138  7:51  Probe x2  
  140  7:52  Assimilator  
  140  7:56  Zealot x3  
  140  7:57  Zealot  
  140  7:58  Probe  
  149  8:00  Protoss Air Weapons Level 1  
  149  8:03  Probe  
  149  8:05  Colossus (Chrono Boost)  
  156  8:23  Pylon  
  156  8:26  Photon Cannon  
  156  8:29  Photon Cannon  
  156  8:31  Shield Battery  
  156  8:33  Colossus (Chrono Boost)  
  149  8:46  Zealot x3  
  149  8:47  Zealot  
  149  8:52  Observer  
  130  9:04  Zealot x4  
  130  9:07  Gateway, Probe x4  
  130  9:08  Gateway  
  140  9:14  Phoenix, Observer  
  139  9:18  Colossus  
  139  9:20  Protoss Ground Weapons Level 2 (Chrono Boost)  
  145  9:26  Pylon  
  145  9:27  Pylon, Blink  
  145  9:36  Stalker x2, Zealot x5  
  145  9:37  Stalker  
  161  9:41  Observer  
  161  9:51  Pylon  
  161  9:54  Probe  
  161  9:55  Pylon  
  162  10:00  Pylon  
  162  10:03  Zealot x2  
  162  10:04  Stalker x4, Zealot  
  176  10:31  Warp Prism (Chrono Boost)  
  178  10:36  Assimilator, Dark Shrine  
  178  10:37  Assimilator  
  178  10:38  Gateway  
  178  10:39  Gateway, Pylon  
  178  10:44  Immortal (Chrono Boost)  
  178  10:45  Pylon  
  174  10:59  Stalker x5, Zealot x2  
  174  11:00  Zealot  
  190  11:04  Disruptor (Chrono Boost)  
  190  11:07  Observer  
  190  11:09  Observer  
  193  11:15  Gravitic Drive, Disruptor (Chrono Boost)  
  193  11:16  Nexus  
  193  11:17  Pylon  
  196  11:33  Stalker  
  196  11:34  Stalker  
  200  11:50  Gateway  
  200  11:52  Gateway  
  151  12:16  Zealot x4  
  151  12:17  Zealot x3  
  151  12:18  Zealot x4  
  154  12:22  Colossus (Chrono Boost)  
  154  12:23  Colossus (Chrono Boost)  
  154  12:30  Zealot  
  150  12:38  Zealot x4  
  150  12:39  Zealot x2, Dark Templar x3  
  154  12:55  Zealot x4  
  154  12:58  Probe x4  
  162  13:01  Stalker x2  
  162  13:02  Stalker x4  
Tags
 
Add a new tag
Caveats
  • Supply blocks, unpowered buildings, or Contaminate may cause inaccurate times.
  • Supply counts are checked every 10 seconds.